 Dungeon Crawl Stone Soup version 0.24.0-29-g8ce449bc06 (webtiles) character file.

Game seed: 12474342362504919844, levelgen mode: deterministic

3642 Flugslaktarn the Cleaver (level 9, -3/81 HPs)
             Began as a Minotaur Monk on Nov 15, 2019.
             Was a High Priest of Cheibriados.
             Slain by an elephant (10 damage)
             ... on level 8 of the Dungeon.
             The game lasted 00:02:50 (6865 turns).

Flugslaktarn the Cleaver (Minotaur Monk)            Turns: 6865, Time: 00:02:50

Health: -3/81      AC: 12    Str: 28 (31) XL:     9   Next: 88%
Magic:  12/12      EV: 17    Int: 20 (23) God:    Cheibriados [*****.]
Gold:   446        SH:  0    Dex: 21 (23) Spells: 8/8 levels left

rFire    + . .     SeeInvis .   H - +0 war axe
rCold    . . .     Gourm    .   (no shield)
rNeg     . . .     Faith    .   o - +3 ring mail {rF+}
rPois    .         Spirit   .   (helmet restricted)
rElec    .         Reflect  .   d - +2 cloak
rCorr    .         Harm     .   (no gloves)
MR       .....     Rnd*Tele +   (no boots)
Stlth    ++........             (no amulet)
HPRegen  0.23/turn              i - ring of teleportation (curse)
MPRegen  0.13/turn              (no ring)

@: brilliant, very slow
A: retaliatory headbutt, horns 2
a: Bend Time, Temporal Distortion, Slouch, Step From Time, Renounce Religion


You were on level 8 of the Dungeon.
You worshipped Cheibriados.
Cheibriados was extremely pleased with you.
You were not hungry.

You visited 1 branch of the dungeon, and saw 8 of its levels.

You collected 446 gold pieces.

Inventory:

Hand Weapons
 H - a +0 war axe (weapon)
   (You took it off an orc priest on level 7 of the Dungeon)
Armour
 d - a +2 cloak (worn)
   (You found it on level 2 of the Dungeon)
 l - a scarf of resistance
   (You found it on level 2 of the Dungeon)
 o - a +3 ring mail of fire resistance (worn)
   (You took it off Ijyb on level 3 of the Dungeon)
 t - a +0 plate armour
   (You found it on level 4 of the Dungeon)
Jewellery
 i - a cursed ring of teleportation (left hand)
   (You found it on level 2 of the Dungeon)
 y - an uncursed ring of positive energy {unknown}
   (You found it on level 6 of the Dungeon)
 C - an uncursed ring of positive energy {unknown}
   (You found it on level 7 of the Dungeon)
Wands
 b - a wand of enslavement (8)
   (You found it on level 3 of the Dungeon)
 v - a wand of digging (9)
   (You took it off Ijyb on level 3 of the Dungeon)
 w - a wand of scattershot (3)
   (You found it on level 4 of the Dungeon)
 D - a wand of iceblast (7)
   (You found it on level 6 of the Dungeon)
 G - a wand of acid (7)
   (You found it on level 7 of the Dungeon)
Scrolls
 a - a scroll of fear {unknown}
 c - 5 scrolls of identify {unknown}
 f - a scroll of blinking {unknown}
 h - 2 scrolls of enchant armour {unknown}
 j - 3 scrolls of teleportation {unknown}
 k - a scroll of random uselessness {unknown}
 p - 2 scrolls of fog {unknown}
 r - 4 scrolls of remove curse {unknown}
 s - 2 scrolls of immolation {unknown}
 u - a scroll of noise {unknown}
Potions
 g - a potion of degeneration
 m - a potion of magic {unknown}
 n - 3 potions of brilliance
 q - a potion of haste {unknown}
 x - 2 potions of curing {unknown}
 z - a potion of lignification {unknown}
 A - 2 potions of flight {unknown}
 B - a potion of heal wounds {unknown}
 E - a potion of resistance {unknown}
 F - 2 potions of mutation {unknown}
 I - a potion of berserk rage {unknown}
Comestibles
 e - 14 rations


   Skills:
 + Level 7.9 Fighting
 * Level 10.6 Axes
 + Level 6.7 Armour
 + Level 7.1 Dodging
 - Level 1.5 Stealth
 + Level 5.3 Invocations


You had 8 spell levels left.
You didn't know any spells.
Your spell library was empty.

Dungeon Overview and Level Annotations

Branches:
Dungeon (8/15)             Temple (0/1) D:7
   Lair: D:8-11

Altars:
Cheibriados
Elyvilon
Nemelex Xobeh
Sif Muna
Vehumet
Xom

Shops:
D:5 [

Annotations:
D:6 2 transporters, Thomus's ghost, novice DECj


Innate Abilities, Weirdness & Mutations

You reflexively headbutt those who attack you in melee.
You have a pair of horns on your head.


Message History

* * * LOW HITPOINT WARNING * * *
You are too injured to fight recklessly!
You are too injured to fight recklessly!
Unknown command.
Okay, then.
It was a potion of brilliance.
You feel clever all of a sudden.
A gnoll comes into view. It is wielding a +0 whip.
The elephant tramples you but does no damage.
The elephant trunk-slaps you but does no damage.
The crocodile bites you!
* * * LOW HITPOINT WARNING * * *
The yak gores you.
* * * LOW HITPOINT WARNING * * *
It was a potion of degeneration.
There was something very wrong with that liquid.
You feel weakened.
You feel dopey.
You feel clumsy.
The gnoll shouts!
The elephant tramples you!
You die...

#.........
##.###..###
#..# # #.##
##.# #..#
#.## ####.#
##@#..#
#YtY.##
##gl..##
#......#
#....†.#
.........#
#.......g.
###........
##........


You could see an elephant, a yak, a basilisk, a crocodile, a gnoll shaman and a
gnoll.

Vanquished Creatures
  Pikel (D:6)
  4 hogs (D:7)
  A human (D:7)
  A hungry ghost (D:7)
  2 ice beasts (D:5)
  A phantom (D:7)
  6 ogres
  2 centaurs
  Blork the orc (D:4)
  3 bullfrogs
  A scorpion (D:4)
  5 killer bees (D:7)
  3 howler monkeys (D:7)
  A bullfrog zombie (D:5)
  2 crimson imps
  A centaur zombie (D:7)
  4 hounds
  3 orc priests
  2 jellies
  3 iguanas
  3 worker ants
  Ijyb (D:3)
  A hound skeleton (D:6)
  4 gnolls (D:6)
  5 adders
  2 oozes
  3 worms
  2 dart slugs
  2 leopard geckos
  26 orcs
  2 ball pythons
  2 giant cockroaches
  4 goblins
  4 hobgoblins
  6 jackals
  5 kobolds
  3 quokkas
  4 bats
  2 frilled lizards
  A jackal skeleton (D:4)
  2 rats (D:2)
131 creatures vanquished.

Vanquished Creatures (others)
  A scorpion (D:6)
  A giant cockroach (D:6)
2 creatures vanquished.

Grand Total: 133 creatures vanquished

Notes
Turn   | Place    | Note
-------+----------+-------------------------------------------
     0 | D:1      | Flugslaktarn the Minotaur Monk began the quest for the Orb.
     0 | D:1      | Reached XP level 1. HP: 19/19 MP: 0/0
   323 | D:1      | Reached XP level 2. HP: 23/27 MP: 1/1
   503 | D:1      | Reached skill level 4 in Axes
   505 | D:1      | Reached skill level 1 in Armour
  1443 | D:2      | Reached XP level 3. HP: 20/33 MP: 2/2
  2149 | D:3      | Noticed Ijyb
  2168 | D:3      | Killed Ijyb
  2168 | D:3      | Reached XP level 4. HP: 30/40 MP: 3/3
  2311 | D:3      | Found a snail-covered altar of Cheibriados.
  2341 | D:3      | Became a worshipper of Cheibriados the Contemplative
  2341 | D:3      | Reached * piety under Cheibriados
  2341 | D:3      | Reached ** piety under Cheibriados
  2807 | D:4      | Reached skill level 5 in Axes
  2865 | D:4      | Reached skill level 1 in Invocations
  2865 | D:4      | Reached XP level 5. HP: 44/47 MP: 4/4
  2866 | D:4      | Noticed an ogre
  2868 | D:4      | Noticed Blork the orc
  2878 | D:4      | Killed Blork the orc
  2878 | D:4      | Reached XP level 6. HP: 43/53 MP: 4/6
  2956 | D:4      | Reached skill level 6 in Axes
  3054 | D:4      | Reached skill level 5 in Fighting
  3440 | D:5      | Entered Level 5 of the Dungeon
  3476 | D:5      | Found a shimmering altar of Xom.
  3478 | D:5      | Noticed an ice beast
  3491 | D:5      | Killed an ice beast
  3491 | D:5      | Reached XP level 7. HP: 48/61 MP: 7/7
  3513 | D:5      | Found a sparkling altar of Nemelex Xobeh.
  3744 | D:5      | Reached *** piety under Cheibriados
  3746 | D:5      | Reached skill level 7 in Axes
  3809 | D:5      | Reached skill level 5 in Dodging
  4199 | D:5      | Reached XP level 8. HP: 37/70 MP: 9/9
  4447 | D:5      | Found Ebbulipp's Antique Armour Shoppe.
  4834 | D:6      | Noticed Pikel
  4860 | D:6      | Killed Pikel
  4860 | D:6      | Reached skill level 8 in Axes
  4896 | D:6      | Reached skill level 5 in Armour
  5290 | D:6      | Reached skill level 9 in Axes
  5354 | D:6      | Found a transporter.
  5359 | D:6      | Reached **** piety under Cheibriados
  5374 | D:6      | Noticed Thomus's ghost (novice DECj)
  5535 | D:6      | Found a transporter.
  5551 | D:6      | Found a radiant altar of Vehumet.
  5857 | D:7      | Reached XP level 9. HP: 76/78 MP: 11/11
  6052 | D:7      | Found a staircase to the Ecumenical Temple.
  6293 | D:7      | Found a shimmering altar of Xom.
  6293 | D:7      | Found a faded altar of an unknown god.
  6477 | D:7      | Reached skill level 10 in Axes
  6526 | D:7      | Reached ***** piety under Cheibriados
  6637 | D:7      | Reached skill level 5 in Invocations
  6760 | D:7      | Found a faded altar of an unknown god.
  6762 | D:7      | Found a white marble altar of Elyvilon.
  6764 | D:7      | Found a shimmering blue altar of Sif Muna.
  6849 | D:8      | Noticed an elephant
  6865 | D:8      | Slain by an elephant

Levels and vault maps discovered:
D:1:      scummos_arrival_hexagon, layout_basic, minmay_tetromino_t2
D:2:      layout_rooms
D:3:      layout_basic, kennysheep_slug_shrine, uniq_ijyb
D:4:      layout_rooms, hangedman_abyss_or_decor_jellyfish_corner,
          uniq_blork_the_orc
D:5:      layout_gridville, marbit_many_paths, basic_altar, serial_shops,
          kennysheep_mini, first_ration, minmay_misc_feat_x
D:6:      layout_gridville, vehumet_crystals, gammafunk_ghost_stat_death,
          uniq_pikel
D:7:      layout_gridville, chequers_temple_overflow_minitemple,
          minmay_temple_entry_proselytizer, grunt_livestock, due_unseen_surprise
D:8:      layout_cave_pods, david_lair_generic, gup_ossuary_entry_pyramid,
          ebering_ghost_disaster_area, special_room [special_room_orc],
          minmay_nine_imps, uniq_psyche

Skill      XL: |  1  2  3  4  5  6  7  8  9 |
---------------+----------------------------+-----
Axes           | 4 5 6 7 9 10 | 10.6
Armour         | 1 2 3 4 5 6 |  6.7
Fighting       | 4 5 6 7 |  7.9
Dodging        | 4 5 6 7 |  7.1
Invocations    | 1 2 3 4 5 |  5.3
Stealth        | |  1.5

Action                   |  1- 3 |  4- 6 |  7- 9 || total
-------------------------+-------+-------+-------++-------
Melee: Hand axe          |    82 |    84 |   161 ||   327
       Headbutt          |    20 |    22 |    62 ||   104
       War axe           |       |       |    51 ||    51
Evoke: Wand              |       |       |     1 ||     1
  Use: Potion            |       |       |     2 ||     2
 Stab: Sleeping          |     3 |     1 |     1 ||     5
  Eat: Chunk             |     3 |     3 |     8 ||    14
Armor: Robe              |    19 |       |       ||    19
       Ring mail         |       |    29 |    74 ||   103
Dodge: Dodged            |    56 |    55 |   171 ||   282
